 Dungeon Crawl Stone Soup version 0.31.0-32-g396128a36d (webtiles) character file.

Game seed: 10438094147352442134

6423 wingedge the Trooper (level 10, 0/84 HPs)
             Began as a Demigod Earth Elementalist on Mar 31, 2024.
             Slain by a troll (7 damage)
             ... on level 9 of the Dungeon.
             The game lasted 00:31:53 (11902 turns).

wingedge the Trooper (Demigod Earth Elementalist)  Turns: 11902, Time: 00:31:54

Health: 0/84       AC:  7    Str:  9    XL:     10   Next: 40%
Magic:  2/21       EV: 12    Int: 29    God:
Gold:   244        SH:  5    Dex: 14    Spells: 12/19 levels left

rFire   . . .        a - +0 hand axe (spect)
rCold   . . .        C - +0 buckler
rNeg    . . .        F - +0 steam dragon scales
rPois   .            (no helmet)
rElec   .            J - +0 cloak
rCorr   .            (no gloves)
SInv    +            D - +0 pair of boots
Will    +....        (no amulet)
Stlth   ++           s - ring of see invisible
HPRegen 0.34/turn    (no ring)
MPRegen 0.17/turn

%: no passive effects
@: no status effects
A: high MP 1, forlorn, divine attributes
a: no special abilities


You were on level 9 of the Dungeon.
You visited 1 branch of the dungeon, and saw 9 of its levels.

You collected 419 gold pieces.
You spent 175 gold pieces at shops.

Inventory:

Hand Weapons
 a - a +0 spectral hand axe (weapon)
 b - a +0 broad axe
 o - a +0 flail of draining
 t - a +2 dagger of venom
 L - a +2 heavy broad axe
Missiles
 d - a curare-tipped dart
 i - 3 javelins
Armour
 C - a +0 buckler (worn)
 D - a +0 pair of boots (worn)
 F - +0 steam dragon scales (worn)
 I - a +0 leather armour of fire resistance
 J - a +0 cloak (worn)
Jewellery
 s - a ring of see invisible (left hand)
 K - an amulet of regeneration
Wands
 h - a wand of charming (18)
 z - a wand of quicksilver (6)
 E - a wand of polymorph (7)
Scrolls
 c - a scroll of brand weapon
 g - 2 scrolls of enchant armour
 j - a scroll of fear
 m - a scroll of blinking
 r - 3 scrolls of fog
 v - a scroll of summoning
 x - a scroll of acquirement {unknown}
 y - 2 scrolls of immolation
 A - 3 scrolls of vulnerability
 B - a scroll of poison
 G - a scroll of amnesia {unknown}
Potions
 e - 2 potions of heal wounds {unknown}
 f - 3 potions of enlightenment
 l - a potion of lignification {unknown}
 n - 2 potions of brilliance {unknown}
 p - 2 potions of curing
 q - a potion of might {unknown}
 u - 2 potions of magic
 w - a potion of attraction {unknown}
 H - a potion of mutation {unknown}


   Skills:
 + Level 6.6 Fighting
 + Level 6.5 Axes
 + Level 2.3 Armour
 + Level 3.2 Dodging
 - Level 2.0 Stealth
 + Level 4.8 Shields
 - Level 5.0 Spellcasting
 - Level 6.0 Conjurations
 + Level 0.7 Necromancy
 - Level 6.0 Earth Magic


You had 12 spell levels left.
You knew the following spells:

 Your Spells              Type           Power      Damage    Failure   Level
a - Sandblast             Erth           84%        2d18      1%          1
b - Stone Arrow           Conj/Erth      84%        3d12      2%          3
c - Fugue of the Fallen   Necr           11%        N/A       21%         3

Your spell library contained the following spells:

 Spells                   Type           Power      Damage    Failure   Level
 Passwall                 Erth           42%        N/A       2%          3
 Brom's Barrelling Bould  Conj/Erth      42%        2d6       8%          4
 Ensorcelled Hibernation  Hex/Ice        14%        N/A       14%         2
 Animate Armour           Summ/Erth      48%        N/A       26%         4
 Petrify                  Alch/Erth      24%        N/A       26%         4
 Animate Dead             Necr           11%        N/A       54%         4
 Arcjolt                  Conj/Air       12%        1d22      58%         5
 Anguish                  Hex/Necr       4%         N/A       61%         4
 Manifold Assault         Tloc           7%         N/A       65%         4
 Vhi's Electric Charge    Tloc/Air       14%        N/A       65%         4
 Dispersal                Tloc           3%         N/A       100%        6
 Plasma Beam              Fire/Air       3%         2x1d13    100%        6
 Haunt                    Necr/Summ      4%         N/A       100%        7
 Disjunction              Tloc           3%         N/A       100%        8
 Infestation              Necr           5%         N/A       100%        8
 Lehudib's Crystal Spear  Conj/Erth      21%        10d6      100%        8


Dungeon Overview and Level Annotations

Branches:
Dungeon (9/15)             Temple (0/1) D:4
   Lair: D:8-11         Orc: D:9-12

Shops:
D:6 (

Annotations:
D:3 3 runed translucent doors, jimmypageman's ghost, amateur GnWn
D:8 Erica


Innate Abilities, Weirdness & Mutations

You have an increased reservoir of magic. (+10% MP)
You shall have no god before yourself.
Your divine heritage dramatically boosts your attributes as you level up.


Message History

You closely miss the troll.
The troll is moderately wounded.
Your +0 spectral hand axe barely misses the troll.
The troll closely misses you. The troll claws you but does no damage.
The troll claws you.
You hit the troll.
The troll is heavily wounded.
Your +0 spectral hand axe hits the troll but does no damage.
The troll bites you! The troll barely misses you. The troll closely misses you.
You hit the troll.
The troll is heavily wounded.
Your +0 spectral hand axe closely misses the troll.
The troll barely misses you. The troll claws you!
* * * LOW HITPOINT WARNING * * *
The troll claws you but does no damage.
You hit the troll.
The troll is heavily wounded.
Your +0 spectral hand axe hits the troll.
The troll misses you. The troll barely misses you.
The troll claws you but does no damage.
You closely miss the troll.
The troll is heavily wounded.
Your +0 spectral hand axe hits the troll.
The troll misses your +0 spectral hand axe.
The troll claws your +0 spectral hand axe but does no damage. x2
You strike the helpless troll from behind!
You hit the troll.
The troll is severely wounded.
Your +0 spectral hand axe hits the troll but does no damage.
The troll barely misses you. The troll claws you.
* * * LOW HITPOINT WARNING * * *
The troll claws you!
* * * LOW HITPOINT WARNING * * *
You hit the troll.
The troll is severely wounded.
Your +0 spectral hand axe hits the troll.
The troll barely misses you. The troll claws you.
* * * LOW HITPOINT WARNING * * *
The troll claws you!
You die...

8,,,,,,,,,,,,,,* *,,,,,,,,,,,,,,
,,********####,* ***,**********,
,,* #....######+### *, ,8*
#....#........# *,
,,********#....#........#*******,
,,,,,,,,,,,,....?.......+,,,,,,,,
8,,,,,,,,,,,,,..........#***,***,
,,*********,,,,#........# *,,**,
,,* *****+#@T(.....# ****~~~ ,**
#......##......#**~*~~~* ,*
#......*#......#*~~~~~P* **
#......*#......#♣♣~~P~P~ *
******#......*#.......P~~~~~~~
****,,,,,......###T##+##♣S~♣~~~~~
~~**~,,,,..........##.##♣~P~♣~~~~
~~~~*~***#####.######.##~~~~~~~P~
~~~~~~~* *,* ####'..~~~~~≈≈≈~


You could see a troll and a friendly +0 spectral hand axe.

Vanquished Creatures
  A two-headed ogre (D:8)
  Pikel (D:7)
  Maurice (D:8)
  Jeremiah (D:8)
  A queen bee (D:8)
  A hornet (D:8)
  5 yaks (D:8)
  3 steam dragons
  2 vampire mosquitoes (D:8)
  2 water moccasins
  2 ice beasts
  An orc warrior (D:7)
  An ogre (D:5)
  4 centaurs
  4 lemures
  A phantom (D:6)
  A kobold brigand (D:7)
  2 bullfrogs
  A gnoll sergeant (D:6)
  A scorpion (D:6)
  3 wights (D:9)
  10 killer bees
  3 bombardier beetles
  A howler monkey (D:9)
  3 electric eels
  4 orc priests
  A jelly (D:5)
  2 sleepcaps
  Terence (D:2)
  6 iguanas
  7 orc wizards
  3 gnolls (D:6)
  14 adders
  2 shadow imps
  A white imp (D:5)
  A ribbon worm (D:2)
  3 dart slugs
  30 orcs
  11 bats
  5 endoplasms
  A giant cockroach (D:4)
  5 goblins
  10 hobgoblins
  4 quokkas
  8 ball pythons
  A frilled lizard (D:3)
  10 kobolds
  8 rats
194 creatures vanquished.

Notes
Turn   | Place    | Note
-------+----------+-------------------------------------------
     0 | D:1      | wingedge the Demigod Earth Elementalist began the quest for
                  | the Orb.
     0 | D:1      | Reached XP level 1. HP: 14/14 MP: 5/5
   239 | D:1      | Reached XP level 2. HP: 20/20 MP: 2/7
   904 | D:2      | Noticed Terence
   953 | D:2      | Reached XP level 3. HP: 26/26 MP: 6/8
   974 | D:1      | Learned a level 3 spell: Stone Arrow
  1041 | D:2      | Reached skill level 1 in Conjurations
  1344 | D:2      | Killed Terence
  1686 | D:3      | Reached XP level 4. HP: 33/33 MP: 7/10
  1902 | D:3      | Found a runed translucent gate.
  2269 | D:3      | Found a runed translucent gate.
  2270 | D:3      | Found a runed translucent gate.
  2271 | D:3      | Noticed jimmypageman's ghost (amateur GnWn)
  2378 | D:3      | Reached XP level 5. HP: 38/38 MP: 1/12
  3364 | D:4      | Found a staircase to the Ecumenical Temple.
  3980 | D:5      | Entered Level 5 of the Dungeon
  4011 | D:5      | Reached XP level 6. HP: 42/45 MP: 7/13
  4266 | D:5      | Reached skill level 1 in Fighting
  4283 | D:5      | Reached skill level 1 in Axes
  4733 | D:5      | Reached XP level 7. HP: 53/53 MP: 8/15
  6067 | D:6      | Reached skill level 5 in Earth Magic
  6070 | D:6      | Reached XP level 8. HP: 62/62 MP: 2/17
  6225 | D:6      | Reached skill level 5 in Conjurations
  6627 | D:6      | Found Kuromiwo's Antique Weapon Emporium.
  6864 | D:7      | Reached skill level 1 in Shields
  7135 | D:7      | Noticed Pikel
  7335 | D:7      | Killed Pikel
  7336 | D:7      | Reached skill level 5 in Spellcasting
  7431 | D:7      | Reached XP level 9. HP: 63/71 MP: 7/20
  8929 | D:8      | Reached skill level 5 in Fighting
  9278 | D:8      | Reached skill level 5 in Axes
  9566 | D:8      | Noticed Jeremiah
  9952 | D:8      | Killed Jeremiah
  9953 | D:8      | Reached XP level 10. HP: 52/79 MP: 10/21
 10429 | D:8      | Noticed Erica
 10685 | D:8      | Noticed a two-headed ogre
 10689 | D:8      | Killed a two-headed ogre
 10690 | D:8      | Reached skill level 1 in Armour
 10776 | D:8      | Noticed Maurice
 10782 | D:8      | Killed Maurice
 11706 | D:6      | Bought a glowing broad axe for 175 gold pieces
 11781 | D:8      | Learned a level 3 spell: Fugue of the Fallen
 11902 | D:9      | Slain by a troll

Illustrated notes

Levels and vault maps discovered:
D:1:      ebering_trefoil_3fold, layout_basic,
          hellmonk_ecumenical_altar_arch_garden, minmay_misc_feat_alley
D:2:      layout_basic, uniq_terence
D:3:      layout_basic, biasface_ghost_orc_armoury, serial_rivers,
          chequers_serial_rivers_micro_c, chequers_serial_rivers_small_a,
          chequers_serial_rivers_room_a, chequers_serial_rivers_room_a,
          chequers_serial_rivers_large_b, chequers_serial_rivers_micro_a,
          hangedman_abyss_or_decor_stabs
D:4:      layout_basic, nicolae_uskayaw_murder_on_the_dancefloor,
          kennysheep_mini, minmay_temple_entry_statues_pillars
D:5:      layout_loops_ring
D:6:      layout_basic, serial_shops, shop
D:7:      layout_basic, nicolae_dithmenos_shadow_blocks,
          mainiacjoe_overflow_tiny_flanked, mainiacjoe_overflow_brackets,
          lemuel_crystal_altar, uniq_pikel
D:8:      layout_loops_corners, serial_bayou_ford_a,
          nicolae_looking_at_the_future, uniq_jeremiah, uniq_erica, uniq_maurice
D:9:      layout_basic, mainiacjoe_overflow_small_starburst, serial_bayou,
          serial_bayou_lagoon_b, serial_bayou_lake_a, serial_bayou_pond_a,
          serial_bayou_pond_d, enter_bailey_6

Skill      XL: |  1  2  3  4  5  6  7  8  9 10 |
---------------+-------------------------------+-----
Earth Magic    | 3 4 5 6 |  6.0
Conjurations   | 1 2 3 4 5 6 |  6.0
Spellcasting   | 2 3 4 5 |  5.0
Dodging        | 2 3 |  3.2
Stealth        | 2 |  2.0
Fighting       | 1 2 3 6 |  6.6
Axes           | 1 2 3 6 |  6.5
Shields        | 2 4 |  4.8
Armour         | 2 |  2.3
Necromancy     | |  0.7

Action                     |  1- 3 |  4- 6 |  7- 9 | 10-12 || total
---------------------------+-------+-------+-------+-------++-------
  Melee: Flail             |       |       |     6 |       ||     6
         Hand axe          |       |       |    34 |     7 ||    41
         Broad axe         |       |       |     9 |       ||     9
   Cast: Sandblast         |    58 |    64 |    16 |       ||   138
         Stone Arrow       |     2 |    23 |   133 |    34 ||   192
  Evoke: Wand              |       |       |       |     4 ||     4
    Use: Scroll            |     1 |     2 |     6 |     6 ||    15
         Potion            |       |       |     1 |     1 ||     2
   Stab: Distracted        |       |       |       |     1 ||     1
 Armour: Robe              |    14 |    17 |    13 |       ||    44
         Steam dragon scal |       |       |    58 |    38 ||    96
  Dodge: Dodged            |    17 |    13 |    54 |    22 ||   106
  Block: Buckler           |       |       |    15 |     5 ||    20
